Unix NetHack Version 5.0.0-0 post-release - last build May 22 2026 02:22:16 (99d1c3b6dc4b13757aaa5824b55bdea4e1e63757,branch:main).

Game began 2026-05-22 18:37:06, ended 2026-05-22 19:40:50.

Eymerich, chaotic male elven Priest

                                                      ----
                                         --         ---..--      ----
                                        ..          |.....--   ---..|  ----
              --                        .--         |......-- ##....|  |..--
              -.-                     -...--        |-......-#-..--.|  |...|
               ..                    -.....--       |...#.[.....--|.|  --.--
               ..                 ---........       #.#----..---- |.|  --.--
                ..                .........         |.|----)---   |.|  |...---
                ..-    ---        ........-         #.|-.|....|   |.|  |.....|
          ---    ..   --.--       .......-          |.|.......|   |.-- |.....--
          |..    -.----...------- ......            |.|..<....|   |..|--..|...|
   ..      ..--   ...........--.--....              |.|--..|.[|   --.||..-|..--
    -.. ----..-- --.................--.---       ----.---------    |.||.------
     -.....|...---.......|..........| ...---     |.....|           |.|-.|
        -...............---.......-   --...--    |.--.--           |.|..|
        |...f@M...%.....||........-----.....-#----.|---            |.|.--
        |...............---........................|               |.|.|
        --....--.............--..------......-------               |...--
        |....----......-----------    ---....|                     ---..|
        --.--   ----.---                ------                       |..|
         --        ---                                               ----
Eymerich the Adept           St:10 Dx:10 Co:16 In:9 Wi:20 Ch:13  Chaotic
Dlvl:5  $:88 HP:0(38) Pw:67(85) AC:4  Xp:6 T:4357  Burdened

Latest messages:
 The dagger corrodes!
 In what direction?
 You kill the green mold!
 You have a little trouble lifting K - 3 daggers (at the ready) (6 in total).
 Y - a glass wand.
 What do you want to take off? [xJO or ?*]
 You were wearing a +1 dwarvish cloak.
 What do you want to take off? [xJ or ?*]
 You are not wearing that.
 What do you want to take off? [xJ or ?*]
 You finish taking off your shoes.
 You finish taking off your helm.
 H - a +0 polished silver shield (wielded).
 a - a blessed +1 mace (alternate weapon; not wielded).
 What do you want to wear? [bxCHJO or ?*]
 You are now wearing a robe.
 Y - a wand of digging (0:7).
 What do you want to eat? [eflsER or ?*]
 This lichen corpse tastes okay.
 You finish eating the lichen corpse.
 You were wearing a +0 robe.
 What do you want to wear? [bxCHJO or ?*]
 You are now wearing a dwarvish cloak.
 Puffa misses the gnome mummy.
 What do you want to wear? [xHJ or ?*]
 You are now wearing a polished silver shield.
 Puffa bites the gnome mummy.
 The gnome mummy hits Puffa.
 Puffa misses the gnome mummy.
 What do you want to wear? [xJ or ?*]
 Puffa misses the gnome mummy.
 You finish your dressing maneuver.
 What do you want to wear? [x or ?*]
 You finish your dressing maneuver.
 The gnome mummy hits!
 You begin bashing monsters with your bare hands.
 You miss the gnome mummy.
 You hit the gnome mummy.
 The gnome mummy hits!
 a - a blessed +1 mace (weapon in right hand).
 You have no secondary weapon readied.
 Puffa bites the gnome mummy.
 The gnome mummy hits Puffa.
 The gnome mummy hits!
 You miss the gnome mummy.
 The gnome mummy hits!
 You hit the gnome mummy!
 The gnome mummy hits!
 You die...
 Do you want your possessions identified? [ynq] (y)

Inventory:
 Coins    ('$')
  $ - 88 gold pieces
 Weapons  (')')
  w - a blessed +1 arrow
  Q - 8 +1 arrows
  p - 52 poisoned +0 arrows
  m - a +2 dart
  I - 71 +0 darts
  M - 3 +0 shuriken
  K - 6 +0 daggers (at the ready)
  W - a blessed +1 dwarvish mattock
  a - a blessed +1 mace (weapon in right hand)
 Armor    ('[')
  x - a blessed +0 orcish helm (being worn)
  J - a +0 pair of iron shoes (being worn)
  H - a +0 shield of reflection (being worn)
  C - a +0 cloak of displacement
  O - a +1 dwarvish cloak (being worn)
  b - a +0 robe
 Comestibles  ('%')
  e - a clove of garlic
  s - a food ration
  l - a fortune cookie
  E - a lembas wafer
  f - a sprig of wolfsbane
 Scrolls  ('?')
  u - a scroll of light
  q - a scroll of scare monster
  r - a scroll of teleportation
 Potions  ('!')
  t - a potion of extra healing
  B - a potion of gain energy
  k - a potion of speed
  d - 4 potions of holy water
 Wands    ('/')
  Y - a wand of digging (0:7)
 Tools    ('(')
  i - a bugle
  n - a leash
  F - a mirror
  D - an oil lamp
  v - a tin whistle
 Gems/Stones  ('*')
  L - a worthless piece of green glass
  G - 2 worthless pieces of violet glass
  Z - a worthless piece of yellow glass
  P - a worthless piece of yellowish brown glass

Eymerich the Priest's attributes:

Background:
 You were an Adept, a level 6 elven Priest.
 You were chaotic, on a mission for Anhur
 who was opposed by Ptah (lawful) and Thoth (neutral).
 You were right-handed.
 You were in the Gnomish Mines, on level 5.
 You entered the dungeon 4357 turns ago.
 You had 325 experience points, 315 more were needed to attain level 7.

Basics:
 You had 0 out of 38 hit points.
 You had 67 out of 85 energy points (spell power).
 Your armor class was 4.
 Your wallet contained 88 zorkmids.
 Autopickup was off.

Final Characteristics:
 Your strength was 10 (limit:18).
 Your dexterity was 10 (limit:18).
 Your constitution was 16 (limit:16).
 Your intelligence was 9 (limit:20).
 Your wisdom was 20 (limit:20).
 Your charisma was 13 (limit:18).

Final Status:
 You weren't hungry.
 You were burdened; movement was slightly slowed.
 You were wielding a mace.
 You were skilled in mace.

Final Attributes:
 You were piously aligned.
 Your items were somewhat protected from fire.
 Your items were somewhat protected from cold.
 You were sleep resistant.
 You had infravision.
 You were warded.
 You had reflection.
 You are dead.

Miscellaneous:
 You encountered 1 bones level.
 Total elapsed playing time was 1 hour, 3 minutes and 43 seconds.

Major events:
 Turn
    1: Eymerich the chaotic elven Priest entered the dungeon
 1281: entered the Gnomish Mines
 1354: attained the rank of Acolyte (level 3)
 4265: attained the rank of Adept (level 6)
 4357: killed by a gnome mummy

Spells:
 Name                 Level Category     Fail Retention
 protection             1   clerical      93%   71%-80%
 identify               3   divination   100%  76%-100%

Skills:
 Fighting Skills
   bare handed combat [Unskilled]
 Weapon Skills
   club               [Unskilled]
   mace               [Skilled]
   morning star       [Unskilled]
   flail              [Unskilled]
   hammer             [Unskilled]
   quarterstaff       [Unskilled]
   polearms           [Unskilled]
   spear              [Unskilled]
   trident            [Unskilled]
   lance              [Unskilled]
   bow                [Unskilled]
   sling              [Unskilled]
   crossbow           [Unskilled]
   dart               [Unskilled]
   shuriken           [Unskilled]
   boomerang          [Unskilled]
   unicorn horn       [Unskilled]
 Spellcasting Skills
   healing spells     [Unskilled]
   divination spells  [Unskilled]
   clerical spells    [Basic]

Voluntary challenges:
 Character rerolling was not enabled.
 You never genocided any monsters.
 You never polymorphed an object.
 You never changed form.
 You used no wishes.
Achievements:
 You entered the Gnomish Mines.
 You attained the rank of Acolyte.
 You entered a shop.
 You attained the rank of Adept.

 The Dungeons of Doom: levels 1 to 4
    Level 1:
       A sink, a grave.
    Level 2: "3 x locked chest, locked box"
       Many trees.
    Level 3:
       An armor shop.
       Stairs down to The Gnomish Mines.
    Level 4:
       Final resting place for
          Brudee-Tou-Hum-Fem-Neu, killed by a wand.
 The Gnomish Mines: levels 4 to 5
    Level 4: "8 items under a boulder"
    Level 5: <- You were here.
       Final resting place for
          you, killed by a gnome mummy.


Vanquished creatures:
  a small mimic
  a leprechaun
  a rock piercer
  a rock mole
  a yellow light
  a violet fungus
  4 gnome leaders
  a paper golem
  a giant ant
  3 dwarves
  a homunculus
  a centipede
  2 Kop Sergeants
  3 dwarf zombies
  2 wererats
  2 iguanas
  2 acid blobs
  a coyote
  a hobbit
  a large kobold
  a giant rat
  a cave spider
  2 yellow molds
  2 green molds
 15 gnomes
  3 Keystone Kops
  a gnome zombie
  a gecko
  7 jackals
  a kobold
  2 goblins
  2 sewer rats
  8 grid bugs
  a bat
  5 lichens
  8 newts
91 creatures vanquished.

No species were genocided or became extinct.

Game over:
                       ----------
                      /          \
                     /    REST    \
                    /      IN      \
                   /     PEACE      \
                  /                  \
                  |     Eymerich     |
                  |      88 Au       |
                  |   killed by a    |
                  |   gnome mummy    |
                  |                  |
                  |                  |
                  |       2026       |
                 *|     *  *  *      | *
        _________)/\\_//(\/(/\)/\//\/|_)_______

Goodbye Eymerich the Priest...

You died in The Gnomish Mines on dungeon level 5 with 1580 points,
and 88 pieces of gold, after 4357 moves.
You were level 6 with a maximum of 38 hit points when you died.

